 Dungeon Crawl Stone Soup version 0.29-a0-517-gbdf32494f2 (webtiles) character file.

Game seed: 17824864209445758389

27 hquester1 the Shield-Bearer (level 2, -1/29 HPs)
             Began as a Troll Fighter on May 30, 2022.
             Slain by a gnoll
             ... wielding a +0 flail
              (3 damage)
             ... on level 2 of the Dungeon.
             The game lasted 00:01:24 (631 turns).

hquester1 the Shield-Bearer (Troll Fighter)          Turns: 631, Time: 00:01:26

Health: -1/29      AC:  4    Str: 23    XL:     2   Next: 93%
Magic:  1/1        EV:  8    Int:  4    God:
Gold:   21         SH:  7    Dex:  9    Spells: 1/1 levels left

rFire   . . .      SeeInvis .   a - +0 flail
rCold   . . .      Faith    .   c - +0 kite shield
rNeg    . . .      Spirit   .   b - +0 robe
rPois   .          Reflect  .   (helmet restricted)
rElec   .          Harm     .   (no cloak)
rCorr   .          Rampage  .   (gloves unavailable)
Will    .....                   (boots unavailable)
Stlth   +.........              (no amulet)
HPRegen 0.89/turn               (no ring)
MPRegen 0.07/turn               (no ring)

@: no status effects
A: large, unfitting armour, claws 3, regeneration 1, shaggy fur 1, tough skin 1
a: no special abilities


You were on level 2 of the Dungeon.
You visited 1 branch of the dungeon, and saw 2 of its levels.

You collected 21 gold pieces.

Inventory:

Hand Weapons
 a - a +0 flail (weapon)
Armour
 b - a +0 robe (worn)
 c - a +0 kite shield (worn)
Scrolls
 e - a scroll of identify {unknown}
Potions
 d - 2 potions of might
 f - 2 potions of degeneration {unknown}


   Skills:
 + Level 2.7 Fighting
 + Level 2.1 Maces & Flails
 + Level 2.7 Dodging
 + Level 3.0 Shields


You had one spell level left.
You didn't know any spells.
Your spell library was empty.

Dungeon Overview and Level Annotations

Branches:
Dungeon (2/15)

Altars:


Innate Abilities, Weirdness & Mutations

You are too large for most types of armour.
You have claws for hands.
Your natural rate of healing is unusually fast.
You are covered in fur. (AC +1)
You have tough skin. (AC +1)


Message History

You see here a +0 pair of boots.
You open the door.
Found a dagger.
Found a faded altar of an unknown god.
There is an open door here.
You see here a +0 dagger.
There is an open door here.
You open the door.
There is an open door here.
There is an open door here.
Partly explored, can't reach some items and places.
(D) Dungeon
Where to? (? - help)
You see here a +0 robe.
There is a stone staircase leading down here.
You climb downwards.
The gnoll shouts! x3
There is a stone staircase leading up here.
There are monsters nearby!
You hit the gnoll.
The gnoll is lightly wounded.
You block the gnoll's attack.
You sock the gnoll!
The gnoll is heavily wounded.
You block the gnoll's attack. x2; The gnoll hits you with a +0 flail.
You closely miss the gnoll.
The gnoll is lightly wounded.
You block the gnoll's attack. The gnoll completely misses you.
The gnoll barely misses you. The gnoll hits you with a +0 spear.
The gnoll hits you with a +0 flail. The gnoll hits you but does no damage.
You thump the gnoll!
The gnoll is severely wounded.
The gnoll hits you with a +0 spear. You block the gnoll's attack.
The gnoll hits you with a +0 flail.
You sock the gnoll!
You kill the gnoll!
The gnoll hits you from afar with a +0 spear!
The gnoll hits you with a +0 flail!
* * * LOW HITPOINT WARNING * * *
The gnoll barely misses you. The gnoll hits you with a +0 flail.
You die...

#### ..#
#.# #@#
#)g..#
..g.....+
##....####
######


You could see 2 gnolls.

Vanquished Creatures
  A gnoll (D:2)
  3 bats (D:1)
  4 endoplasms (D:1)
  A giant cockroach (D:1)
  3 hobgoblins (D:1)
  2 jackals (D:1)
  3 kobolds (D:1)
  2 ball pythons (D:1)
  3 frilled lizards (D:1)
  3 rats (D:1)
25 creatures vanquished.

Notes
Turn   | Place    | Note
-------+----------+-------------------------------------------
     0 | D:1      | hquester1 the Troll Fighter began the quest for the Orb.
     0 | D:1      | Reached XP level 1. HP: 22/22 MP: 0/0
   150 | D:1      | Reached XP level 2. HP: 29/29 MP: 1/1
   401 | D:1      | Reached skill level 3 in Shields
   502 | D:1      | Found a faded altar of an unknown god.
   631 | D:2      | Slain by a gnoll

Illustrated notes

Levels and vault maps discovered:
D:1:      dpeg_arrival_brainrot, layout_basic, basic_ecumenical_altar
D:2:      layout_basic, kennysheep_generic_room_14

Skill      XL: |  1  2 |
---------------+-------+-----
Maces & Flails | 2 |  2.1
Shields        | 3 |  3.0
Fighting       | |  2.7
Dodging        | |  2.7

Action                   || total
-------------------------++-------
Melee: Flail             ||    58
Armor: Robe              ||    24
Dodge: Dodged            ||    18
Block: Kite shield       ||    28

Table legend: (Time is in decaauts)
 A = Elapsed time spent in this place.
 B = Non-inter-level travel time spent in this place.
 C = Inter-level travel time spent in this place.
 D = Time resting spent in this place.
 E = Time spent auto-exploring this place.
 F = Levels seen in this place.
 G = Mean time per level.
                   A        B        C        D        E       F      G
               +--------+--------+--------+--------+--------+-----+--------+
         Total |    655 |    615 |     40 |      0 |    425 |   2 |  327.5 |
       Dungeon |    655 |    615 |     40 |      0 |    425 |   2 |  327.5 |
               +--------+--------+--------+--------+--------+-----+--------+

Top non-repeatable levels by time:
     D:1: 648 daAuts
     D:2: 6 daAuts
